 Dungeon Crawl Stone Soup version 0.22.1-2-g9c5b331 (webtiles) character file.

79 Harpaggios the Sneak (level 4, 0/21 HPs)
             Began as a Vine Stalker Enchanter on Jan 1, 2019.
             Slain by an ogre
             ... wielding a +0 giant club
              (21 damage)
             ... on level 3 of the Dungeon.
             The game lasted 00:09:18 (2072 turns).

Harpaggios the Sneak (Vine Stalker Enchanter)       Turns: 2072, Time: 00:09:18

Health: 0/21       AC:  2    Str: 10    XL:     4   Next: 38%
Magic:  0/8        EV: 12    Int: 15    God:
Gold:   96         SH:  0    Dex: 16    Spells: 4/7 levels left

rFire    . . .     SeeInvis .   c - +2 dagger (drain)
rCold    . . .     Gourm    .   (no shield)
rNeg     + . .     Faith    .   b - +0 robe
rPois    .         Spirit   +   (no helmet)
rElec    .         Reflect  .   (no cloak)
rCorr    .         Harm     .   (no gloves)
MR       .....                  (no boots)
Stlth    +++.......             (no amulet)
HPRegen  0.47/turn              j - ring of positive energy
MPRegen  0.11/turn              (no ring)

@: no status effects
A: fangs 2, regeneration 1, magic shield, antimagic bite, no potion heal 3, rot
immunity
a: no special abilities


You were on level 3 of the Dungeon.
You were not hungry.

You visited 1 branch of the dungeon, and saw 3 of its levels.

You collected 96 gold pieces.

Inventory:

Hand Weapons
 c - a +2 dagger of draining (weapon)
 n - a +1 dagger of venom
Armour
 b - a +0 robe (worn)
Jewellery
 e - an uncursed ring of see invisible {unknown}
 j - a ring of positive energy (left hand)
Scrolls
 a - 2 scrolls of remove curse
 i - a scroll of immolation
Potions
 g - a potion of flight {unknown}
 h - a potion of curing {unknown}
 k - a potion of degeneration {unknown}
 l - a potion of haste
 m - a potion of brilliance {unknown}
Comestibles
 d - 4 rations
 f - 4 chunks of flesh


   Skills:
 + Level 1.8 Short Blades
 - Level 1.5 Dodging
 + Level 4.4 Stealth
 - Level 2.1 Spellcasting
 * Level 4.2 Hexes


You had 4 spell levels left.
You knew the following spells:

 Your Spells              Type           Power        Failure   Level  Hunger
a - Corona                Hex            ##.....      3%          1    #......
b - Ensorcelled Hibernat  Hex/Ice        #.....       14%         2    ###....

Your spell library contained the following spells:

 Spells                   Type           Power        Failure   Level  Hunger
 Slow                     Hex            ##......     6%          2    ###....
 Confuse                  Hex            ##......     12%         3    ###....
 Tukima's Dance           Hex            ##......     12%         3    ###....
 Magic Dart               Conj           #...         22%         1    #......
 Dazzling Spray           Conj/Hex       #.....       28%         3    ###....
 Blink                    Tloc           N/A          32%         2    ###....
 Call Imp                 Summ           #.......     32%         2    ###....
 Conjure Flame            Conj/Fire      #.......     54%         3    ###....
 Mephitic Cloud           Conj/Pois/Air  #.......     54%         3    ###....


Dungeon Overview and Level Annotations

Branches:
Dungeon (3/15)

Altars:
Qazlal


Innate Abilities, Weirdness & Mutations

You have extremely sharp teeth.
Your natural rate of healing is unusually fast.
When hurt, damage is shared between your health and your magic reserves.
Your bite disrupts and absorbs the magic of your enemies.
Potions cannot restore your health.
You are immune to rotting.


Message History

The kobold closely misses you.
You hit the kobold.
You kill the kobold!
The kobold throws a stone.
The stone closely misses you.
The kobold throws a stone.
The stone hits you.
Memorise Tukima's Dance, consuming 3 spell levels and leaving 1?
You start memorising the spell.
You continue memorising. x2
The ogre barely misses you.
You continue memorising.
The kobold throws a stone.
Your memorisation is interrupted.
The stone hits you but does no damage.
Sorry, you're not good enough to have a special ability.
Casting: Corona (safe; 3% risk of failure)
Confirm with . or Enter, or press ? or * to list all spells.
Aiming: Ensorcelled Hibernation (safe; 14% risk of failure)
Press: ? - help, Shift-Dir - straight line, f - ogre
Aim: an ogre, wielding a giant club (chance to defeat MR: 38%)
The ogre resists with some effort.
The ogre hits you with a giant club!!
Ouch! That really hurt!
You die...

#### ####### #...
#########.....# #...
#..(.(........#####...
+....@............'...
#..KO....##########...
#...###### #... #..)#
#### +...+ #..K# #.#.#
..#'# ......


You could see an ogre and a kobold.

Vanquished Creatures
  2 adders (D:2)
  3 worms (D:2)
  A leopard gecko (D:1)
  10 goblins
  5 hobgoblins
  4 jackals (D:2)
  2 quokkas (D:2)
  3 bats
  5 frilled lizards
  6 kobolds
  8 rats
49 creatures vanquished.

Notes
Turn   | Place    | Note
-------+----------+-------------------------------------------
     0 | D:1      | Harpaggios the Vine Stalker Enchanter began the quest for
                  | the Orb.
     0 | D:1      | Reached XP level 1. HP: 9/9 MP: 4/4
    48 | D:1      | Reached skill level 1 in Short Blades
    97 | D:1      | Reached XP level 2. HP: 2/13 MP: 1/6
   812 | D:2      | Found a stormy altar of Qazlal.
   912 | D:2      | Learned a level 2 spell: Ensorcelled Hibernation
   928 | D:2      | Reached XP level 3. HP: 11/16 MP: 7/7
  1463 | D:2      | Gained mutation: Your natural rate of healing is unusually
                  | fast. [Vine Stalker growth]
  1463 | D:2      | Reached XP level 4. HP: 18/21 MP: 8/8
  2061 | D:3      | Noticed an ogre
  2072 | D:3      | Slain by an ogre

Skill      XL: |  1  2  3 |
---------------+----------+-----
Short Blades   | 1 |  1.8
Stealth        | 4 |  4.4
Hexes          | 4 |  4.2
Dodging        | |  1.5
Spellcasting   | |  2.1

Action                   |  1- 3 |  4- 6 || total
-------------------------+-------+-------++-------
Melee: Dagger            |    77 |    61 ||   138
       Bite              |    14 |    10 ||    24
 Cast: Corona            |     4 |     2 ||     6
       Ensorcelled Hiber |     4 |     1 ||     5
  Use: Scroll            |     3 |       ||     3
       Potion            |       |     1 ||     1
 Stab: Sleeping          |     6 |     2 ||     8
  Eat: Chunk             |     2 |     2 ||     4
Armor: Robe              |    11 |    14 ||    25
Dodge: Dodged            |    21 |    46 ||    67
